 Dungeon Crawl Stone Soup version 0.25.1-8-g42b30a86e7 (webtiles) character file.

Game seed: 16238980699196701966

52 Gabide the Ruffian (level 3, -1/30 (31) HPs)
             Began as a Ghoul Monk on Dec 25, 2020.
             Slain by a quokka (4 damage)
             ... on level 2 of the Dungeon.
             The game lasted 00:03:08 (1658 turns).

Gabide the Ruffian (Ghoul Monk)                     Turns: 1658, Time: 00:03:08

HP:   -1/30 (31)    AC:  3    Str: 15    XL:     3   Next: 85%
MP:   2/2           EV: 13    Int:  5    God:
Gold: 45            SH:  0    Dex: 11    Spells: 2/2 levels left

rFire    . . .     SeeInvis .     - Unarmed
rCold    + . .     Gourm    .   (no shield)
rNeg     + + +     Faith    .   a - +0 robe
rPois    ∞         Spirit   .   (no helmet)
rElec    .         Reflect  .   (no cloak)
rCorr    .         Harm     .   (no gloves)
MR       .....                  k - +0 pair of boots
Stlth    ++........             (no amulet)
HPRegen  0.00/turn              (no ring)
MPRegen  0.08/turn              (no ring)

@: rotting, hasted, very quick
A: rotting body, claws 1, carnivore, cold resistance 1, negative energy
resistance 3, inhibited regeneration, torment resistance, unbreathing
a: no special abilities


You were on level 2 of the Dungeon.
You were not hungry.

You visited 1 branch of the dungeon, and saw 2 of its levels.

You collected 45 gold pieces.

Inventory:

Missiles
 d - 53 stones (quivered)
Armour
 a - a +0 robe (worn)
 k - a +0 pair of boots (worn)
Potions
 f - a potion of lignification {unknown}
 g - a potion of curing {unknown}
Comestibles
 b - a ration


   Skills:
 + Level 3.6 Fighting
 + Level 3.1 Dodging
 - Level 2.1 Stealth
 * Level 4.5 Unarmed Combat


You had 2 spell levels left.
You didn't know any spells.
Your spell library was empty.

Dungeon Overview and Level Annotations

Branches:
Dungeon (2/15)

Altars:
Elyvilon

Annotations:
D:2 Sigmund


Innate Abilities, Weirdness & Mutations

Your body is rotting away.
You thrive on raw meat.
You are immune to poison.
You have sharp fingernails.
You are carnivorous and can eat meat at any time.
Your flesh is cold resistant. (rC+)
You are immune to negative energy. (rN+++)
You do not regenerate when monsters are visible.
You are immune to unholy pain and torment.
You can survive without breathing.


Message History

There is a stone staircase leading up here.
You closely miss the phantom. The phantom closely misses you.
You scratch the phantom.
The phantom is lightly damaged.
You claw the phantom!
The phantom is moderately damaged.
The phantom hits you.
You barely miss the phantom.
The phantom is moderately damaged.
You scratch the phantom.
The phantom is moderately damaged.
The phantom hits you!
The phantom blinks!
You completely miss the phantom.
The phantom is moderately damaged.
The phantom hits you.
The phantom blinks!
Something hits you!
* * * LOW HITPOINT WARNING * * *
An adder comes into view.
The quokka bites you.
You die...

##..[[........†W†......
#.......S=.#.#.........
#..........#...#.####..
#..........##..#.#
#.................
#..........#.......
#.[...{.......#.....
###....#r....##......
#...##.@##.....#####
..#####.###........#.#
#........##........#
#........##........#
##........##........#
..........#>........#
#..........#########
#..........###
#............#


You could see an adder (wandering) and a quokka.

Vanquished Creatures
  An adder (D:2)
  An ooze (D:2)
  A worm (D:2)
  A dart slug (D:1)
  A leopard gecko (D:2)
  3 giant cockroaches
  2 hobgoblins (D:1)
  4 jackals (D:1)
  4 kobolds (D:1)
  A ball python (D:1)
  6 bats
  4 goblins
  4 rats (D:1)
33 creatures vanquished.

Notes
Turn   | Place    | Note
-------+----------+-------------------------------------------
     0 | D:1      | Gabide the Ghoul Monk began the quest for the Orb.
     0 | D:1      | Reached XP level 1. HP: 19/19 MP: 0/0
   364 | D:1      | Reached XP level 2. HP: 26/26 MP: 1/1
   661 | D:1      | Reached skill level 4 in Unarmed Combat
   821 | D:1      | Reached XP level 3. HP: 31/31 MP: 2/2
  1192 | D:2      | Noticed Sigmund
  1390 | D:2      | Found a white marble altar of Elyvilon.
  1399 | D:2      | Noticed a phantom
  1658 | D:2      | Slain by a quokka

Illustrated notes

Levels and vault maps discovered:
D:1:      wander_arrival_chamber, layout_loops_ring, chequers_mini_garden
D:2:      layout_rooms, nicolae_overflow_crystal_walls, lemuel_doored_altar,
          lemuel_crystal_altar, marbit_many_paths, lemuel_crystal_altar,
          first_ration, uniq_sigmund

Skill      XL: |  1  2 |
---------------+-------+-----
Unarmed Combat | 4 |  4.5
Dodging        | 3 |  3.1
Fighting       | |  3.6
Stealth        | |  2.1

Action                   || total
-------------------------++-------
Melee: Unarmed           ||   120
Throw: Stone             ||    21
  Use: Scroll            ||     3
       Potion            ||     1
  Eat: Chunk             ||     2
Armor: Robe              ||    28
Dodge: Dodged            ||    93
